 Dungeon Sprint DCSS version 0.26.1-2-gb8aa6d0cf2 (webtiles) character file.

Game seed: 9470032585353021024

613 Groucho the Unseen (level 7, 0/61 HPs)
             Began as a Tengu Berserker on Mar 23, 2021.
             Was a Believer of Trog.
             Slain by a centaur warrior (5 damage)
             ... in the Dungeon (Sprint I: "Red Sonja").
             The game lasted 00:02:09 (813 turns).

Groucho the Unseen (Tengu Berserker)                 Turns: 813, Time: 00:02:10

Health: 0/61       AC:  3    Str: 17    XL:     7   Next: 44%
Magic:  8/8        EV: 13    Int:  7    God:    Trog [**....]
Gold:   161        SH:  0    Dex: 16    Spells: 6/6 levels left

rFire    . . .     SeeInvis .   a - +0 short sword
rCold    . . .     Faith    .   (no shield)
rNeg     . . .     Spirit   .   b - +0 animal skin
rPois    .         Reflect  .   (helmet restricted)
rElec    .         Harm     .   l - +0 cloak (curse)
rCorr    .         Rampage  .   (no gloves)
Will     ++...     NoTele   +   (boots unavailable)
Stlth    ..........             (no amulet)
HPRegen  1.20/turn              (no ring)
MPRegen  0.11/turn              (no ring)

@: berserking, regenerating, very quick
A: beak, talons 3, able to fly
a: Fly, Renounce Religion, Berserk, Trog's Hand


You were in the Dungeon.
You worshipped Trog.
Trog was pleased with you.
You visited 1 branch You collected 370 gold pieces.
You spent 209 gold pieces at shops.

Inventory:

Hand Weapons
 a - a +0 short sword (weapon)
Armour
 b - a +0 animal skin (worn)
 l - a cursed +0 cloak (worn)
Jewellery
 k - the ring "Fekomp" {+Fly rF+ rC- Int+6, unknown}
   (You bought it in a shop in the Dungeon)

   [ring of flight]

   It affects your intelligence (+6).
   It protects you from fire.
   It makes you vulnerable to cold.
   It lets you fly.
Potions
 c - a potion of curing
 f - 2 potions of magic
 g - a potion of berserk rage
 i - 2 potions of might {unknown}


   Skills:
 - Level 3.0 Fighting
 - Level 3.2 Short Blades
 - Level 2.1 Armour
 - Level 2.1 Dodging
 + Level 15.9 Stealth


You had 6 spell levels left.
You didn't know any spells.
Your spell library was empty.

Dungeon Overview and Level Annotations

Branches:
Dungeon (1/1)

Altars:
Cheibriados
Dithmenos
Elyvilon
Fedhas
Gozag
Hepliaklqana
Kikubaaqudgha
Makhleb
Nemelex Xobeh
Okawaru
Qazlal
Ru
Sif Muna
Trog
Uskayaw
Vehumet
Wu Jian
Xom
Yredelemnul
Zin
The Shining One
Jiyva
Lugonu

Shops:
D *


Innate Abilities, Weirdness & Mutations

You have a beak for a mouth.
You have claws for feet.
You can fly continuously.


Message History

The centaur warrior is lightly wounded.
The centaur warrior closely misses you. The centaur warrior hits you.
You puncture the centaur warrior! Your peck misses the centaur warrior.
The centaur warrior is moderately wounded.
The centaur warrior hits you!
* * * LOW HITPOINT WARNING * * *
You puncture the centaur warrior! You claw the centaur warrior.
You peck the centaur warrior.
The centaur warrior is heavily wounded.
The centaur warrior barely misses you. x2
You closely miss the centaur warrior. You claw the centaur warrior.
You peck the centaur warrior!
The centaur warrior is severely wounded.
The centaur warrior barely misses you. The centaur warrior hits you!
* * * LOW HITPOINT WARNING * * *
You hit the centaur warrior. Your kick misses the centaur warrior.
The centaur warrior is severely wounded.
The centaur warrior completely misses you.
The centaur warrior hits you.
You die...

###################
#..'..#.)'..#__#..+
'..#.)'..#..'..'..#
#####+#####'#__####
### #...#.####§§#
#__####..##§#≈§§§c#
#_____##'#§.'≈§§@§+
#_.∩..†'...§#§≈§§c#
#_..__##_.#'##+####
#_____###+#.#
####### ###


You could see 2 centaur warriors.

Vanquished Creatures
  A slime creature (D)
  Sigmund (D)
  A yak (D)
  An ogre (D)
  A jelly (D)
  Ijyb (D)
6 creatures vanquished.

Notes
Turn   | Place    | Note
-------+----------+-------------------------------------------
     0 | D        | Groucho the Tengu Berserker began the quest for the Orb.
     0 | D        | Reached XP level 1. HP: 14/14 MP: 2/2
     2 | D        | Noticed Ijyb
    12 | D        | Killed Ijyb
    13 | D        | Reached skill level 6 in Stealth
    13 | D        | Reached XP level 2. HP: 19/19 MP: 3/3
    13 | D        | Reached XP level 3. HP: 23/23 MP: 4/4
   205 | D        | Noticed an ogre
   207 | D        | Killed an ogre
   208 | D        | Reached skill level 9 in Stealth
   208 | D        | Reached XP level 4. HP: 28/28 MP: 5/5
   210 | D        | Noticed Sigmund
   214 | D        | Killed Sigmund
   214 | D        | Reached ** piety under Trog
   215 | D        | Reached skill level 13 in Stealth
   215 | D        | Gained mutation: You can fly continuously. [Tengu growth]
   215 | D        | Reached XP level 5. HP: 32/32 MP: 6/6
   215 | D        | Reached XP level 6. HP: 37/37 MP: 7/7
   443 | D        | Found a shimmering blue altar of Sif Muna.
   444 | D        | Found an ornate altar of the Wu Jian Council.
   445 | D        | Found a radiant altar of Vehumet.
   479 | D        | Found Hiac's Assorted Antiques.
   479 | D        | Found an ancient bone altar of Kikubaaqudgha.
   479 | D        | Found a hazy altar of Hepliaklqana.
   479 | D        | Found a stormy altar of Qazlal.
   479 | D        | Found a hide-covered altar of Uskayaw.
   479 | D        | Found a blossoming altar of Fedhas.
   479 | D        | Found a bloodstained altar of Trog.
   479 | D        | Found an iron altar of Okawaru.
   479 | D        | Found a basalt altar of Yredelemnul.
   479 | D        | Found a glowing golden altar of the Shining One.
   479 | D        | Found a snail-covered altar of Cheibriados.
   479 | D        | Found a sacrificial altar of Ru.
   479 | D        | Found a glowing silver altar of Zin.
   479 | D        | Found a shadowy altar of Dithmenos.
   479 | D        | Found a white marble altar of Elyvilon.
   479 | D        | Noticed a yak
   480 | D        | Found an opulent altar of Gozag.
   481 | D        | Killed a yak
   482 | D        | Reached skill level 14 in Stealth
   482 | D        | Reached XP level 7. HP: 41/41 MP: 8/8
   482 | D        | Found a sparkling altar of Nemelex Xobeh.
   486 | D        | Bought a shimmering turquoise ring for 110 gold pieces
   486 | D        | Bought a cloak for 99 gold pieces
   506 | D        | Found a burning altar of Makhleb.
   506 | D        | Found a shimmering altar of Xom.
   506 | D        | Noticed a slime creature
   507 | D        | Found a viscous altar of Jiyva.
   507 | D        | Found a corrupted altar of Lugonu.
   511 | D        | Killed a slime creature
   511 | D        | Reached *** piety under Trog
   512 | D        | Reached skill level 15 in Stealth
   803 | D        | Noticed a centaur warrior
   803 | D        | Noticed a centaur warrior
   813 | D        | Slain by a centaur warrior

Illustrated notes

Levels and vault maps discovered:
D:        dungeon_sprint_1 [red_sonja_temple_1, red_sonja_temple_small_1]

Skill      XL: |  1  2  3  4  5  6  7 |
---------------+----------------------+-----
Stealth        | 6 9 13 14 15 | 15.9
Fighting       | |  3.0
Short Blades   | |  3.2
Armour         | |  2.1
Dodging        | |  2.1

Action                   |  1- 3 |  4- 6 |  7- 9 || total
-------------------------+-------+-------+-------++-------
Melee: Short sword       |     6 |     5 |     8 ||    19
       Kick              |     1 |     2 |     4 ||     7
       Peck              |     1 |     1 |     4 ||     6
Invok: Berserk           |     1 |     1 |     2 ||     4
       Trog's Hand       |       |       |     2 ||     2
  Use: Scroll            |       |       |     2 ||     2
       Potion            |       |       |     2 ||     2
 Stab: Sleeping          |     2 |     2 |     1 ||     5
Armor: Animal skin       |     2 |       |     2 ||     4
Dodge: Dodged            |     1 |     1 |    11 ||    13
